 Dungeon Crawl Stone Soup version 0.31.0-12-g77e489cdc1 (webtiles) character file.

Game seed: 13392585313776958078

15 jagang the Slasher (level 2, -3/24 HPs)
             Began as a Human Monk on Feb 20, 2024.
             Slain by a gnoll
             ... wielding a +0 flail
              (11 damage)
             ... on level 1 of the Dungeon.
             The game lasted 00:00:37 (284 turns).

jagang the Slasher (Human Monk)                      Turns: 284, Time: 00:00:37

Health: -3/24      AC:  2    Str: 11    XL:     2   Next: 50%
Magic:  2/2        EV: 13    Int: 10    God:
Gold:   43         SH:  0    Dex: 15    Spells: 1/1 levels left

rFire   . . .        i - +2 dagger (drain)
rCold   . . .        d - orb {light}
rNeg    . . .        b - +0 robe
rPois   .            (no helmet)
rElec   .            (no cloak)
rCorr   .            (no gloves)
SInv    .            (no boots)
Will    .....        (no amulet)
Stlth   +            g - ring of flight
HPRegen 0.24/turn    (no ring)
MPRegen 0.08/turn

%: no passive effects
@: flying, glowing
A: explore regen
a: no special abilities


You were on level 1 of the Dungeon.
You visited 1 branch of the dungeon, and saw 1 of its levels.

You collected 43 gold pieces.

Inventory:

Hand Weapons
 a - a +0 falchion
 i - a +2 dagger of draining (weapon)
Armour
 b - a +0 robe (worn)
 d - an orb of light (worn)
Jewellery
 g - a ring of flight (left hand)
Scrolls
 e - a scroll of fog {unknown}
 f - a scroll of teleportation {unknown}
 h - a scroll of poison {unknown}
Potions
 c - a potion of ambrosia


   Skills:
 + Level 3.2 Fighting
 * Level 3.4 Long Blades
 + Level 0.8 Armour
 - Level 3.0 Dodging


You had one spell level left.
You didn't know any spells.
Your spell library was empty.

Dungeon Overview and Level Annotations

Branches:
Dungeon (1/15)

Altars:


Innate Abilities, Weirdness & Mutations

You regain HP and MP as you explore.


Message History

The ball python closely misses you. The ball python grabs you.
The ball python constricts you.
You hit the ball python.
You kill the ball python!
Found 2 gold pieces.
The hobgoblin misses you.
You barely miss the hobgoblin. You hit the hobgoblin.
The hobgoblin is almost dead.
The hobgoblin closely misses you. The hobgoblin hits you.
You hit the hobgoblin.
You kill the hobgoblin!
The hobgoblin closely misses you.
You hit the hobgoblin.
The hobgoblin is moderately wounded.
The hobgoblin misses you.
You barely miss the hobgoblin.
The hobgoblin is moderately wounded.
The hobgoblin barely misses you.
You hit the hobgoblin but do no damage. You drain the hobgoblin.
The hobgoblin is severely wounded.
The hobgoblin closely misses you.
You hit the hobgoblin.
You kill the hobgoblin!
You now have 32 gold pieces (gained 2).
You now have 43 gold pieces (gained 11).
A gnoll comes into view. It is wielding a +0 flail.
The gnoll closely misses you.
You hit the gnoll.
The gnoll is moderately wounded.
The gnoll hits you with a +0 flail.
You hit the gnoll.
The gnoll is severely wounded.
The gnoll hits you with a +0 flail!
Ouch! That really hurt!
You are too injured to fight recklessly!
You are too injured to fight recklessly!
You hit the gnoll.
The gnoll is almost dead.
The gnoll hits you with a +0 flail!
You die...

#.# #.# #.# #.# #.# #.#
.# #.# #.#
.#.####.###.#####.. .
......#............ ...
.#.##.#.###.########....
........................
......#.#.#.##.#@...###
......#.#.#.##.#g...#
......#.#.#.##.#....#
..........#+##.#....#
...####.##.....#....#
... ...#......#....# #..
######.....###### ..
+.....# . #.....# ######


You could see a gnoll.

Vanquished Creatures
  2 bats (D:1)
  An endoplasm (D:1)
  A giant cockroach (D:1)
  A goblin (D:1)
  3 hobgoblins (D:1)
  A quokka (D:1)
  2 ball pythons (D:1)
  A rat (D:1)
12 creatures vanquished.

Notes
Turn   | Place    | Note
-------+----------+-------------------------------------------
     0 | D:1      | jagang the Human Monk began the quest for the Orb.
     0 | D:1      | Reached XP level 1. HP: 18/18 MP: 1/1
   170 | D:1      | Reached XP level 2. HP: 22/24 MP: 2/2
   284 | D:1      | Slain by a gnoll

Illustrated notes

Levels and vault maps discovered:
D:1:      heliophobic_arrival_ceremonial_halls, layout_basic, minmay_liquid_box,
          minivault_14

Action                     || total
---------------------------++-------
  Melee: Falchion          ||    11
         Dagger            ||    26
 Armour: Robe              ||    13
  Dodge: Dodged            ||    28
